 Dungeon Crawl Stone Soup version 0.24-a0-415-g6d73c25c48 (webtiles) character file.

Game seed: 2862833834871127047

47 emperorscorpion the Chopper (level 3, -2/33 HPs)
             Began as a Minotaur Berserker on June 7, 2019.
             Was a Believer of Trog.
             Slain by a gnoll
             ... wielding a +0 flail
              (9 damage)
             ... on level 2 of the Dungeon.
             The game lasted 00:02:53 (462 turns).

emperorscorpion the Chopper (Minotaur Berserker)     Turns: 462, Time: 00:02:55

Health: -2/33      AC:  2    Str: 22    XL:     3   Next: 48%
Magic:  2/2        EV: 12    Int:  4    God:    Trog [**....]
Gold:   55         SH:  0    Dex:  9    Spells: 2/2 levels left

rFire    . . .     SeeInvis .   a - +0 hand axe
rCold    . . .     Gourm    .   (no shield)
rNeg     . . .     Faith    .   b - +0 animal skin
rPois    .         Spirit   .   (helmet restricted)
rElec    .         Reflect  .   (no cloak)
rCorr    .         Harm     .   (no gloves)
MR       .....                  (no boots)
Stlth    +.........             (no amulet)
HPRegen  0.11/turn              (no ring)
MPRegen  0.08/turn              (no ring)

@: berserk cooldown, slowed, very slow
A: retaliatory headbutt, horns 2
a: Berserk, Trog's Hand, Renounce Religion


You were on level 2 of the Dungeon.
You worshipped Trog.
Trog was pleased with you.
You were very hungry.

You visited 1 branch of the dungeon, and saw 3 of its levels.

You collected 55 gold pieces.

Inventory:

Hand Weapons
 a - a +0 hand axe (weapon)
 l - a +2 mace of crushing
Armour
 b - a +0 animal skin (worn)
Jewellery
 i - an uncursed ring of ice
Scrolls
 d - a scroll of noise {unknown}
 j - 3 scrolls of identify {unknown}
Potions
 e - a potion of brilliance {unknown}
 g - a potion of heal wounds {unknown}
 h - a potion of ambrosia {unknown}
 k - a potion of degeneration {unknown}
Comestibles
 c - 3 rations
 f - 2 chunks of flesh


   Skills:
 + Level 4.1 Fighting
 + Level 4.7 Axes
 + Level 2.7 Armour
 + Level 2.5 Dodging


You had 2 spell levels left.
You didn't know any spells.
Your spell library was empty.

Dungeon Overview and Level Annotations

Branches:
Dungeon (3/15)

Altars:


Innate Abilities, Weirdness & Mutations

You reflexively headbutt those who attack you in melee.
You have a pair of horns on your head.


Message History

You butcher the rat corpse.
You feel a strong urge to attack something.
f - 2 chunks of flesh (gained 1)
You see here a rat skeleton.
You feel your anger nearly subside.
You are no longer berserk.
You pass out from exhaustion.
You feel yourself slow down.
Found a scroll labeled FACSUN WAUKILL.
You can move again.
You see here a glowing mace.
l - a glowing mace You see here a hand axe.
A gnoll comes into view. It is wielding a +0 flail.
The gnoll shouts!
You hear a shout!
A gnoll comes into view. It is wielding a +0 club.
You see here a scroll labeled FACSUN WAUKILL.
j - 3 scrolls labeled FACSUN WAUKILL (gained 1)
The gnoll hits you but does no damage. The gnoll hits you with a +0 flail!
You die...

## ...# #..# ### #..# ♣...
#..###♣♣♣ ..#. .......♣♣
♣.. #####.#.....♣♣♣♣ #.♣♣
###.....#.##.#.#.###.♣P
+...gg@...w..÷.........
###.#####.####.#.###.♣♣
... ................ .....
..................
#.#.#.....#####.#.#.......
# #.#..... .........#... #
#.... .....#...#... #...
.....<....#...
##.#.......#...


You could see a worm and 2 gnolls.

Vanquished Creatures
  An adder (D:2)
  A worm (D:2)
  2 dart slugs (D:2)
  A leopard gecko (D:3)
  3 bats
  A giant cockroach (D:1)
  3 goblins
  9 hobgoblins
  A kobold (D:2)
  6 rats
28 creatures vanquished.

Notes
Turn   | Place    | Note
-------+----------+-------------------------------------------
     0 | D:1      | emperorscorpion the Minotaur Berserker began the quest for
                  | the Orb.
     0 | D:1      | Reached XP level 1. HP: 19/19 MP: 0/0
   206 | D:1      | Reached XP level 2. HP: 27/27 MP: 1/1
   293 | D:3      | Reached ** piety under Trog
   347 | D:2      | Reached XP level 3. HP: 24/33 MP: 2/2
   367 | D:2      | HP: 1/33 [hobgoblin/+0 club (8)]
   462 | D:2      | Slain by a gnoll

Levels and vault maps discovered:
D:1:      dpeg_arrival_lava_temple_mockup, layout_loops_ring, nrook_campfire,
          minivault_14
D:2:      layout_basic, serial_forest, infiniplex_forest_diagonal,
          infiniplex_forest_end_double, infiniplex_forest_diagonal,
          infiniplex_forest_clump_tiny, infiniplex_forest_end_3,
          infiniplex_forest_fountain, infiniplex_forest_clump_double,
          infiniplex_forest_side_room, infiniplex_forest_end_1,
          infiniplex_forest_clump_medium, chequers_serial_rivers_small_a,
          minmay_unequal
D:3:      layout_rooms, nicolae_overflow_hidden_temple,
          overflow_temple_1_default, first_ration

Skill      XL: |  1  2 |
---------------+-------+-----
Axes           | 4 |  4.7
Fighting       | 4 |  4.1
Armour         | |  2.7
Dodging        | |  2.5

Action                   || total
-------------------------++-------
Melee: Hand axe          ||    41
       Headbutt          ||     6
Invok: Berserk           ||     4
  Use: Scroll            ||     1
  Eat: Chunk             ||     1
Armor: Animal skin       ||     7
Dodge: Dodged            ||    28

Table legend:
 A = Non-vault XP
 B = Vault XP
 C = Vault XP percentage of total XP
 D = Non-vault monster count
 E = Vault monster count
 F = Vault count percentage of total count
                 A         B        C        D         E       F
            +---------+---------+-------+---------+---------+-------
      Total |      68 |       0 |   0.0 |      28 |       0 |   0.0
            +---------+---------+-------+---------+---------+-------
        D:1 |      21 |       0 |   0.0 |      12 |       0 |   0.0
        D:2 |      36 |       0 |   0.0 |      10 |       0 |   0.0
        D:3 |      11 |       0 |   0.0 |       6 |       0 |   0.0
            +---------+---------+-------+---------+---------+-------
